 Dungeon Sprint DCSS version 0.21.0-24-g2553a33 (webtiles) character file.

488 letownia2 the Ruffian (level 6, -6/57 HPs)
             Began as a Troll Wizard on Jan 20, 2018.
             Mangled by a human
             ... wielding a +0 dagger
              (12 damage)
             ... in the Dungeon (Sprint III: "The Ten Rune Challenge").
             The game lasted 00:02:09 (248 turns).

letownia2 the Ruffian (Troll Wizard)                 Turns: 248, Time: 00:02:10

Health: -6/57      AC:  5    Str: 16    XL:     6   Next: 90%
Magic:  1/8        EV:  9    Int: 16    God:
Gold:   27         SH:  0    Dex:  8    Spells: 0/9 levels left

rFire    . . .     SeeInvis .     - Unarmed
rCold    . . .     Gourm    +   (no shield)
rNeg     . . .     Faith    .   a - +0 robe
rPois    .         Spirit   .   b - +0 hat
rElec    .         Reflect  .   (no cloak)
rCorr    .         Harm     .   (gloves unavailable)
MR       .....     NoTele   +   (boots unavailable)
Stlth    +.........             (no amulet)
HPRegen  0.59/turn              (no ring)
MPRegen  0.11/turn              (no ring)

@: very slightly contaminated
A: large, unfitting armour, claws 3, fast metabolism 3, gourmand, regeneration
1, shaggy fur 1, tough skin 2
a: no special abilities


You were in the Dungeon.
You were not hungry.

You visited 1 branch You collected 27 gold pieces.

Inventory:

Armour
 a - a +0 robe (worn)
 b - a +0 hat (worn)
Scrolls
 j - a scroll of blinking
 k - a scroll of enchant weapon {unknown}
 m - a scroll of torment {unknown}
 n - 2 scrolls of immolation {unknown}
 o - a scroll of enchant armour {unknown}
 q - 4 scrolls of identify
Potions
 e - 2 potions of curing
 f - 2 potions of heal wounds
 g - a potion of haste
 h - 2 potions of magic
 i - a potion of berserk rage
 l - 5 potions of mutation
 p - a potion of flight {unknown}
Books
 c - a book of Minor Magic

   Spells                             Type                      Level
   a - Magic Dart                     Conjuration                  1
   b - Blink                          Translocation                2
   c - Call Imp                       Summoning                    2
   d - Slow                           Hexes                        2
   e - Conjure Flame                  Conjuration/Fire             3
   f - Mephitic Cloud                 Conjuration/Poison/Air       3
Comestibles
 d - 4 rations
 r - 3 chunks of flesh


   Skills:
 - Level 2.3 Fighting
 - Level 1.5 Dodging
 - Level 1.0 Stealth
 + Level 6.3 Unarmed Combat
 + Level 2.0 Spellcasting
 - Level 5.3 Conjurations
   Level 0.6 Summonings
 + Level 0.6 Translocations
 - Level 4.6 Fire Magic
 - Level 4.1 Air Magic
 - Level 4.6 Poison Magic


You couldn't memorise any spells.
You knew the following spells:

 Your Spells              Type           Power        Failure   Level  Hunger
a - Magic Dart            Conj           ###.         2%          1    #......
b - Blink                 Tloc           N/A          24%         2    ###....
c - Conjure Flame         Conj/Fire      ###.....     8%          3    ###....
e - Mephitic Cloud        Conj/Pois/Air  ###.....     9%          3    ###....


Dungeon Overview and Level Annotations

Branches:
Dungeon (1/1)

Altars:
Elyvilon
Okawaru
Trog
Uskayaw
Wu Jian
Zin
The Shining One
Beogh


Innate Abilities, Weirdness & Mutations

You are too large for most types of armour.
You have claws for hands.
Your metabolism is lightning-fast.
You like to eat raw meat.
Your natural rate of healing is unusually fast.
You are covered in fur. (AC +1)
You have very tough skin. (AC +2)


Message History

* * * LOW HITPOINT WARNING * * *
Unknown command.
You catch the helpless human completely off-guard!
You claw the human! You claw the human.
The human is moderately wounded.
You completely miss the human.
The human is moderately wounded.
The human hits the human with a dagger!
You scratch the human but do no damage.
The human is moderately wounded.
The human hits the human with a dagger!
You catch the helpless human completely off-guard!
You scratch the human but do no damage.
The human is moderately wounded.
Unknown command.
The human seems less confused.
The human barely misses you. The human hits you with a dagger!
* * * LOW HITPOINT WARNING * * *
The human hits you with a dagger!
You die...

▓▓▓▓▓▓▓▓▓ ▓▓▓ ▓<..#...####
##.#########
▓...#......#####..#___#___#
▓..##.......#..#..#...#__.
▓##.##.##...#..#..###)#'###+##
##.##.###..##'#..#..........#
▓#.####.##..###...'.⌠........#
▓.###..##..####.@p#...######+#
▓#.....##..###....#.⌠.#
###..##...##....p#...#
##..##....#......#+###
#..###..##.#..†..# #..#
#..#####....# ▓▓▓▓ ▓▓▓▓ ▓▓▓▓▓▓


You could see 2 humans.

Vanquished Creatures
  A deep elf mage (D)
  A water elemental (D)
  A scorpion (D)
  A human (D)
  4 rats (D)
8 creatures vanquished.

Vanquished Creatures (others)
  2 draconian scorchers (D)
  6 hellions (D)
  A yaktaur (D)
9 creatures vanquished.

Grand Total: 17 creatures vanquished

Notes
Turn   | Place    | Note
-------+----------+-------------------------------------------
     0 | D        | letownia2 the Troll Wizard began the quest for the Orb.
     0 | D        | Reached XP level 1. HP: 16/16 MP: 2/2
    10 | D        | Reached skill level 1 in Unarmed Combat
    43 | D        | Reached skill level 1 in Fighting
    43 | D        | Reached skill level 2 in Unarmed Combat
    74 | D        | Reached skill level 4 in Unarmed Combat
    74 | D        | Reached XP level 2. HP: 17/28 MP: 4/4
    89 | D        | Killed a hellion
    99 | D        | Noticed a scorpion
   106 | D        | Killed a scorpion
   106 | D        | Reached skill level 6 in Unarmed Combat
   106 | D        | Reached XP level 3. HP: 22/35 MP: 5/5
   106 | D        | Reached XP level 4. HP: 26/42 MP: 6/6
   111 | D        | Learned a level 3 spell: Mephitic Cloud
   113 | D        | Killed a hellion
   114 | D        | Killed a hellion
   114 | D        | Killed a hellion
   114 | D        | Killed a hellion
   114 | D        | Killed a hellion
   115 | D        | Learned a level 3 spell: Conjure Flame
   147 | D        | Killed a yaktaur
   158 | D        | Killed a white draconian scorcher
   172 | D        | Killed a white draconian scorcher
   175 | D        | Noticed a water elemental
   178 | D        | Killed a water elemental
   178 | D        | Reached skill level 1 in Fire Magic
   178 | D        | Reached skill level 1 in Air Magic
   178 | D        | Reached skill level 1 in Poison Magic
   190 | D        | Found a glowing silver altar of Zin.
   191 | D        | Found a glowing golden altar of the Shining One.
   191 | D        | Found a white marble altar of Elyvilon.
   191 | D        | Noticed a deep elf mage
   209 | D        | Noticed an ice beast
   213 | D        | Killed a deep elf mage
   213 | D        | Reached skill level 5 in Conjurations
   213 | D        | Reached XP level 5. HP: 25/49 MP: 0/7
   213 | D        | Reached XP level 6. HP: 29/57 MP: 0/8
   217 | D        | Learned a level 2 spell: Blink
   225 | D        | Found a roughly hewn altar of Beogh.
   225 | D        | Found an ornate altar of the Wu Jian Council.
   225 | D        | Noticed a human
   225 | D        | Noticed a human
   226 | D        | Found a hide-covered altar of Uskayaw.
   226 | D        | Found an iron altar of Okawaru.
   226 | D        | Found a bloodstained altar of Trog.
   248 | D        | Mangled by a human

Skill      XL: |  1  2  3  4 |
---------------+-------------+-----
Unarmed Combat | 4 6 |  6.3
Fighting       | 2 |  2.3
Conjurations   | 2 5 |  5.3
Fire Magic     | 4 |  4.6
Air Magic      | 4 |  4.1
Poison Magic   | 4 |  4.6
Dodging        | |  1.5
Stealth        | |  1.0
Spellcasting   | |  2.0
Summonings     | |  0.6
Translocations | |  0.6

Action                   |  1- 3 |  4- 6 || total
-------------------------+-------+-------++-------
Melee: Unarmed           |    24 |    17 ||    41
       Punch             |     1 |     1 ||     2
 Cast: Conjure Flame     |       |     1 ||     1
       Mephitic Cloud    |       |     1 ||     1
 Stab: Confused          |       |     2 ||     2
  Eat: Chunk             |       |     1 ||     1
Armor: Robe              |     2 |     2 ||     4
Dodge: Dodged            |    12 |     4 ||    16
